 Dungeon Crawl Stone Soup version 0.28-a0-769-g550dbda0cd (webtiles) character file.

Game seed: 16063019359196084224

7 demibob the Skirmisher (level 1, -2/19 HPs)
             Began as a Draconian Chaos Knight on Oct 31, 2021.
             Was a Plaything of Xom.
             Slain by a gnoll (5 damage)
             ... on level 1 of the Dungeon.
             The game lasted 00:00:38 (516 turns).

demibob the Skirmisher (Draconian Chaos Knight)      Turns: 516, Time: 00:00:40

Health: -2/19      AC:  4    Str: 12    XL:     1   Next: 91%
Magic:  1/1        EV: 12    Int: 10    God:    Xom [...*..]
Gold:   19         SH:  0    Dex: 10    Spells: 0/0 levels left

rFire   . . .      SeeInvis .   a - +0 spear (chaos)
rCold   . . .      Faith    .   (no shield)
rNeg    . . .      Spirit   .   (armour unavailable)
rPois   .          Reflect  .   (helmet restricted)
rElec   .          Harm     .   (no cloak)
rCorr   .          Rampage  .   (no gloves)
Will    .....                   (no boots)
Stlth   +.........              (no amulet)
HPRegen 0.06/turn               (no ring)
MPRegen 0.07/turn               (no ring)

@: slowed, very slow
A: AC +4, unfitting armour, cold-blooded, dopey 1, weak 1
a: Renounce Religion


You were on level 1 of the Dungeon.
You worshipped Xom.
You were a favourite toy of Xom.
You visited 1 branch of the dungeon, and saw 1 of its levels.

You collected 19 gold pieces.


Innate Abilities, Weirdness & Mutations

Your plain brown scales are hard. (AC +4)
You cannot fit into any form of body armour.
You are cold-blooded and may be slowed by cold attacks.
You are dopey. (Int -2)
You are weak. (Str -2)


   Skills:
 - Level 3.2 Fighting
 + Level 3.2 Polearms
 + Level 2.4 Dodging


You couldn't memorise any spells.
You didn't know any spells.
Your spell library was empty.

Inventory:

Hand Weapons
 a - a +0 spear of chaos (weapon)

Dungeon Overview and Level Annotations

Branches:
Dungeon (1/15)

Altars:

....# ...#
...# ..# ..#
..#####.####
.......g...+
#J#
.####@#####
..##......#
#.##......#
########
#.##......#
#.......
#.##......#
#.######
#.##......#
#.#.....
#.##......#
#)#.#...
#..#......#
#.#.#.##
##.#......#
#.#..>..


You could see a gnoll and an endoplasm.


Message History

The ball python bites you but does no damage.
The ball python closely misses you.
You hit the ball python.
You kill the ball python!
You reach to attack!
You hit the gnoll but do no damage. The gnoll barely misses you.
You reach to attack!
You closely miss the gnoll.
The gnoll hits you from afar with a +0 spear.
You reach to attack!
You hit the gnoll but do no damage.
The gnoll hits you from afar with a +0 spear.
You barely miss the endoplasm. The endoplasm closely misses you.
The gnoll barely misses you.
You barely miss the endoplasm. You tail-slap the endoplasm.
The endoplasm is moderately wounded.
The endoplasm freezes you.
You are frozen.
* * * LOW HITPOINT WARNING * * *
You feel yourself slow down.
The gnoll hits you from afar with a +0 spear.
* * * LOW HITPOINT WARNING * * *
The endoplasm barely misses you.
There is an open door here.
You aren't carrying any potions.
You aren't carrying any scrolls.
You hit the endoplasm. You tail-slap the endoplasm.
The endoplasm is severely wounded.
The gnoll barely misses you. The endoplasm closely misses you.
The gnoll hits you from afar with a +0 spear.
You die...
Xom thinks this is hilarious!

Action                   || total
-------------------------++-------
Melee: Spear             ||    34
       Tailslap          ||     6
Armor: Skin              ||     6
Dodge: Dodged            ||    12

Levels and vault maps discovered:
D:1:      kennysheep_arrival_seaside, layout_basic,
          dreamdust_ecumenical_altar_grove, serial_shops, shop,
          minmay_small_reverse_x

Notes
Turn   | Place    | Note
-------+----------+-------------------------------------------
     0 | D:1      | demibob the Draconian Chaos Knight began the quest for the
                  | Orb.
     0 | D:1      | Reached XP level 1. HP: 19/19 MP: 1/1
    48 | D:1      | XOM: smoke on damage
   198 | D:1      | XOM: silly message
   259 | D:1      | XOM: give mutations
   259 | D:1      | Gained mutation: You are frail. (-10% HP) [Xom's mischief]
   259 | D:1      | Gained mutation: You are weak. (Str -2) [Xom's mischief]
   259 | D:1      | Gained mutation: You are dopey. (Int -2) [Xom's mischief]
   259 | D:1      | Lost mutation: You are frail. (-10% HP) [Xom's mischief]
   335 | D:1      | Found a faded altar of an unknown god.
   516 | D:1      | Slain by a gnoll

Vanquished Creatures
  2 goblins (D:1)
  A hobgoblin (D:1)
  A ball python (D:1)
  A frilled lizard (D:1)
  A kobold (D:1)
  A rat (D:1)
7 creatures vanquished.

Table legend: (Time is in decaauts)
 A = Elapsed time spent in this place.
 B = Non-inter-level travel time spent in this place.
 C = Inter-level travel time spent in this place.
 D = Time resting spent in this place.
 E = Time spent auto-exploring this place.
 F = Levels seen in this place.
 G = Mean time per level.
                   A        B        C        D        E       F      G
               +--------+--------+--------+--------+--------+-----+--------+
         Total |    515 |    515 |      0 |      0 |    452 |   1 |  515.0 |
       Dungeon |    515 |    515 |      0 |      0 |    452 |   1 |  515.0 |
               +--------+--------+--------+--------+--------+-----+--------+

Top non-repeatable levels by time:
     D:1: 515 daAuts

Table legend:
 A = Non-vault XP
 B = Vault XP
 C = Vault XP percentage of total XP
 D = Non-vault monster count
 E = Vault monster count
 F = Vault count percentage of total count
                 A         B        C        D         E       F
            +---------+---------+-------+---------+---------+-------
      Total |      11 |       0 |   0.0 |       8 |       0 |   0.0
            +---------+---------+-------+---------+---------+-------
        D:1 |      11 |       0 |   0.0 |       8 |       0 |   0.0
            +---------+---------+-------+---------+---------+-------
